 Dungeon Crawl Stone Soup version 0.30-a0-241-g1121274140 (webtiles) character file.

Game seed: 4291354794305894696

17 sleeves the Trooper (level 2, -2/24 HPs)
             Began as a Demonspawn Cinder Acolyte on Oct 10, 2022.
             Was a High Priest of Ignis.
             Slain by a gnoll
             ... wielding a +0 spear
              (3 damage)
             ... on level 2 of the Dungeon.
             The game lasted 00:00:47 (808 turns).

sleeves the Trooper (Demonspawn Cinder Acolyte)      Turns: 808, Time: 00:00:47

Health: -2/24      AC:  5    Str: 14    XL:     2   Next: 44%
Magic:  3/3        EV: 10    Int: 15    God:    Ignis [*****.]
Gold:   63         SH:  0    Dex:  8    Spells: 3/3 levels left

rFire   + . .      SeeInvis .    a - -1 falchion (flame)
rCold   . . .      Faith    .    (no shield)
rNeg    . . .      Spirit   .    e - +0 ring mail
rPois   .          Reflect  .    (helmet restricted)
rElec   .          Harm     .    (no cloak)
rCorr   .          Rampage  .    (no gloves)
Will    .....                    (no boots)
Stlth   ..........               (no amulet)
HPRegen 0.24/turn                (no ring)
MPRegen 0.08/turn                (no ring)

@: no status effects
A: horns 1
a: Renounce Religion, Fiery Armour, Foxfire Swarm, Rising Flame


You were on level 2 of the Dungeon.
You worshipped Ignis.
Ignis was extremely pleased with you.
You visited 1 branch of the dungeon, and saw 2 of its levels.

You collected 63 gold pieces.

Inventory:

Hand Weapons
 a - a -1 falchion of flaming (weapon)
Armour
 e - a +0 ring mail (worn)
   (You found it on level 1 of the Dungeon)
Magical Staves
 i - a staff of fire
   (You found it on level 1 of the Dungeon)
Scrolls
 c - 3 scrolls of vulnerability {unknown}
 g - 2 scrolls of identify {unknown}
Potions
 b - a potion of magic {unknown}
 d - a potion of curing {unknown}
 f - 2 potions of heal wounds {unknown}
 h - a potion of might {unknown}
 j - a potion of brilliance {unknown}


   Skills:
 - Level 3.0 Fighting
 - Level 2.6 Long Blades
 + Level 2.0 Armour
 - Level 1.0 Spellcasting
 - Level 2.6 Fire Magic


You had 3 spell levels left.
You didn't know any spells.
Your spell library contained the following spells:

 Spells                   Type           Power      Damage    Failure   Level
 Scorch                   Fire           16%        2d5       24%         2


Dungeon Overview and Level Annotations

Branches:
Dungeon (2/15)

Altars:


Innate Abilities, Weirdness & Mutations

You have a pair of small horns on your head.


Message History

Welcome, sleeves the Demonspawn Cinder Acolyte.
Are you destined to find the majestic Orb of Zot, or to die trying?
The flames of Ignis gently warm you.
Press ? for a list of commands and other information.
Found a mace, a dagger and 27 gold pieces.
Found a staircase leading out of the dungeon.
There are no items here.
There is a fountain of clear blue water here.
You now have 8 gold pieces.
You now have 27 gold pieces (gained 19).
You now have 40 gold pieces (gained 13).
You open the door.
There is an open door here.
A rat comes into view.
A rat is nearby!
A rat is nearby!
A rat is nearby!
You closely miss the rat. The rat bites you.
You hit the rat but do no damage. The rat misses you.
You hit the rat. You burn the rat.
You kill the rat!
No target in view!
No target in view!
No target in view!
No target in view!
HP restored.
You open the door. You open the door.
There is an open door here.
c - a scroll labelled NAHEX ZAPNEO You open the door.
Found 5 stones.
There is an open door here.
You now have 45 gold pieces (gained 5).
A ball python comes into view.
The ball python hisses angrily.
A ball python is nearby!
A ball python is nearby!
You hit the ball python. You burn the ball python.
You kill the ball python!
No target in view!
No target in view!
No target in view!
No target in view!
No target in view!
No target in view!
No target in view!
c - 2 scrolls labelled NAHEX ZAPNEO (gained 1)
A hobgoblin comes into view.
The hobgoblin shouts!
A hobgoblin is nearby!
A hobgoblin is nearby!
The hobgoblin barely misses you.
An endoplasm comes into view.
The endoplasm quivers.
You hit the hobgoblin. You burn the hobgoblin.
The hobgoblin is almost dead.
The hobgoblin barely misses you. x2
You hit the hobgoblin. You burn the hobgoblin.
You kill the hobgoblin!
The endoplasm hits you.
You hit the endoplasm. You burn the endoplasm.
The endoplasm is almost dead.
The endoplasm freezes you.
You are frozen.
You hit the endoplasm but do no damage.
The endoplasm is almost dead.
The endoplasm closely misses you.
You hit the endoplasm. You burn the endoplasm.
You kill the endoplasm!
Your Armour skill increases to level 1!
No target in view!
No target in view!
No target in view!
Found a ring mail.
d - a fizzy blue potion No target in view!
No target in view!
No target in view!
Search for what [? for help]? armor You see here a +0 ring mail.
e - a +0 ring mail You start removing your armour.
You continue taking off your +0 robe. x4
You finish taking off your +0 robe.
You start putting on your armour.
You continue putting on your +0 ring mail. x5
You finish putting on your +0 ring mail.
You drop a +0 robe.
There is a shaft here.
Found a stone staircase leading down.
A giant cockroach comes into view.
Found a green potion.
A giant cockroach is nearby!
The giant cockroach closely misses you. The giant cockroach barely misses you.
You hit the giant cockroach but do no damage.
The giant cockroach barely misses you.
You closely miss the giant cockroach. The giant cockroach bites you.
You hit the giant cockroach but do no damage.
The giant cockroach barely misses you.
The giant cockroach bites you but does no damage.
You barely miss the giant cockroach. The giant cockroach bites you.
You closely miss the giant cockroach.
The giant cockroach bites you but does no damage. x2
You hit the giant cockroach. You burn the giant cockroach.
You kill the giant cockroach!
No target in view!
No target in view!
A rat comes into view.
A rat is nearby!
A rat is nearby!
You barely miss the rat. The rat bites you. x2
You closely miss the rat. The rat closely misses you.
You barely miss the rat. The rat barely misses you.
You barely miss the rat. The rat barely misses you.
You closely miss the rat. The rat bites you but does no damage.
You barely miss the rat. The rat bites you.
You hit the rat. You burn the rat.
You kill the rat!
You see here a rat corpse.
b - a green potion You see here a rat corpse.
f - a coppery potion You open the door.
There is an open door here.
Found a stone staircase leading down.
No target in view!
No target in view!
No target in view!
No target in view!
No target in view!
No target in view!
No target in view!
There is a stone staircase leading down here.
f - 2 coppery potions (gained 1)
Found 4 stones.
You see here 4 stones.
You see here 4 stones.
Found a leather armour.
No target in view!
You see here a +0 leather armour.
g - a scroll labelled AMIEW INGYCVAU
Found an escape hatch in the floor.
There is an escape hatch in the floor here.
A bat comes into view.
The bat barely misses you.
You barely miss the bat. Your punch misses the bat. The bat closely misses you.
The bat hits you but does no damage.
You closely miss the bat. The bat hits you.
You miss the bat. The bat hits you but does no damage. The bat hits you.
The bat hits you but does no damage.
You hit the bat. You burn the bat.
You kill the bat!
You have reached level 2!
Your demonic ancestry asserts itself...
A pair of horns grows on your head!
c - 3 scrolls labelled NAHEX ZAPNEO (gained 1)
You open the door. You open the door.
There is an open door here.
You open the door.
There is an open door here.
You open the door.
There is an open door here.
A hobgoblin comes into view.
The hobgoblin shouts!
A hobgoblin is nearby!
A hobgoblin is nearby!
Found 18 gold pieces.
The hobgoblin barely misses you.
You closely miss the hobgoblin. The hobgoblin hits you. x2
You barely miss the hobgoblin.
The hobgoblin hits you but does no damage.
You closely miss the hobgoblin. You headbutt the hobgoblin.
The hobgoblin is lightly wounded.
The hobgoblin misses you.
You hit the hobgoblin. You burn the hobgoblin.
The hobgoblin is severely wounded.
The hobgoblin barely misses you.
You hit the hobgoblin. You burn the hobgoblin.
You kill the hobgoblin!
No target in view!
No target in view!
You now have 63 gold pieces (gained 18).
You enter the shallow water.
Moving in this stuff is going to be slow.
You open the door.
There is an open door here.
A giant cockroach comes into view.
A giant cockroach is nearby!
A giant cockroach is nearby!
The giant cockroach bites you.
You hit the giant cockroach. You burn the giant cockroach.
You kill the giant cockroach!
No target in view!
No target in view!
No target in view!
No target in view!
No target in view!
No target in view!
No target in view!
No target in view!
A kobold comes into view. It is wielding a +0 dagger.
The kobold shouts!
A kobold is nearby!
You closely miss the kobold. The kobold hits you but does no damage.
You barely miss the kobold. The kobold hits you with a +0 dagger.
You closely miss the kobold. The kobold hits you but does no damage.
You hit the kobold but do no damage. The kobold hits you with a +0 dagger.
You hit the kobold but do no damage. Your headbutt misses the kobold.
The kobold hits you but does no damage. x2
You hit the kobold. You burn the kobold.
You kill the kobold!
No target in view!
No target in view!
No target in view!
No target in view!
Things that are here:
a +0 dagger; a kobold corpse
g - 2 scrolls labelled AMIEW INGYCVAU (gained 1)
h - a sedimented inky potion
Found a leather armour.
Found a stone staircase leading down.
No target in view!
No target in view!
No target in view!
No target in view!
No target in view!
No target in view!
No target in view!
No target in view!
A quokka comes into view.
Found a curved runed staff.
A quokka is nearby!
A quokka is nearby!
The quokka closely misses you. x2
You hit the quokka. You burn the quokka.
The quokka is almost dead.
The quokka barely misses you.
You miss the quokka.
The quokka is almost dead.
The quokka bites you but does no damage.
You closely miss the quokka.
You headbutt the quokka, but do no damage.
The quokka is almost dead.
The quokka closely misses you.
The quokka bites you but does no damage.
You slash the quokka! You burn the quokka.
You kill the quokka!
No target in view!
No target in view!
No target in view!
No target in view!
No target in view!
No target in view!
You see here a staff of fire.
i - a staff of fire An endoplasm comes into view.
The endoplasm quivers.
An endoplasm is nearby!
A goblin comes into view. It is wielding a +0 dagger.
The goblin shouts!
The endoplasm freezes you.
You are frozen.
You hit the endoplasm. You burn the endoplasm.
You kill the endoplasm!
You closely miss the goblin. Your headbutt misses the goblin.
The goblin hits you but does no damage.
You barely miss the goblin. The goblin barely misses you.
You barely miss the goblin. The goblin hits you but does no damage.
You completely miss the goblin. Your headbutt misses the goblin.
The goblin hits you but does no damage.
You closely miss the goblin. The goblin hits you with a +0 dagger.
You barely miss the goblin. Your headbutt misses the goblin.
The goblin hits you but does no damage.
You barely miss the goblin. The goblin hits you but does no damage.
The goblin closely misses you.
You barely miss the goblin. The goblin hits you with a +0 dagger.
You barely miss the goblin. The goblin hits you but does no damage.
You hit the goblin. You burn the goblin.
You kill the goblin!
No target in view!
You open the door.
Done exploring.
Done exploring.
No target in view!
No target in view!
No target in view!
No target in view!
No target in view!
Done exploring.
Done exploring.
Done exploring.
(D) Dungeon
Where to? (Enter - D:1 @ (x,y), ? - help)
There is a stone staircase leading down here.
You climb downwards.
There is a stone staircase leading up here.
Found a stone staircase leading down.
j - a fizzy yellow potion No target in view!
No target in view!
No target in view!
There is a stone staircase leading down here.
A quokka comes into view.
The quokka moves out of view.
A quokka is nearby!
The quokka bites you but does no damage.
You hit the quokka. You burn the quokka.
You kill the quokka!
Your Armour skill increases to level 2!
No target in view!
No target in view!
No target in view!
No target in view!
No target in view!
No target in view!
No target in view!
You see here a quokka corpse.
A gnoll comes into view. It is wielding a +0 club.
The gnoll moves out of view. 2 gnolls come into view.
The gnoll shouts!
You hear a shout!
A gnoll comes into view. It is wielding a +0 flail.
There are monsters nearby!
A rat comes into view.
The gnoll hits you with a +0 spear.
You hit the gnoll but do no damage. The gnoll hits you with a +0 spear.
You are too injured to fight recklessly!
You are too injured to fight recklessly!
You are too injured to fight recklessly!
You are too injured to fight recklessly!
You are too injured to fight recklessly!
You are too injured to fight recklessly!
You are too injured to fight recklessly!
You are too injured to fight recklessly!
You are too injured to fight recklessly!
You are too injured to fight recklessly!
The gnoll closely misses you. The gnoll attacks as you move away!
The gnoll hits you with a +0 club.
* * * LOW HITPOINT WARNING * * *
The gnoll attacks as you move away! The gnoll hits you with a +0 club!
* * * LOW HITPOINT WARNING * * *
You hit the gnoll. You burn the gnoll.
The gnoll is heavily wounded.
The gnoll barely misses you.
You closely miss the gnoll.
The gnoll is heavily wounded.
The gnoll barely misses you. The gnoll hits you with a +0 club.
* * * LOW HITPOINT WARNING * * *
You hit the gnoll. You burn the gnoll.
The gnoll is almost dead.
The gnoll barely misses you. x2
You barely miss the gnoll.
The gnoll is almost dead.
The gnoll hits you from afar with a +0 spear.
* * * LOW HITPOINT WARNING * * *
The gnoll misses you.
Unknown command.
Unknown command.
Unknown command.
Unknown command.
Unknown command.
Unknown command.
Unknown command.
Unknown command.
Unknown command.
You hit the gnoll but do no damage. Your headbutt misses the gnoll.
The gnoll is almost dead.
The gnoll hits you but does no damage. x2
The gnoll hits you with a +0 spear.
You die...

#.##.........
#.#.....r... #...#
##..# #..# #..##
##.†g## ##.###g# #..#
#@####.##
##.###.g......
##...#####.#. ##.##
#.# ## #.# #. #.# #<
###.### #.
#.....###############.


You could see 3 gnolls.

Vanquished Creatures
  A ball python (D:1)
  A bat (D:1)
  2 endoplasms (D:1)
  2 giant cockroaches (D:1)
  A goblin (D:1)
  2 hobgoblins (D:1)
  2 quokkas
  A kobold (D:1)
  2 rats (D:1)
14 creatures vanquished.

Notes
Turn   | Place    | Note
-------+----------+-------------------------------------------
     0 | D:1      | sleeves the Demonspawn Cinder Acolyte began the quest for
                  | the Orb.
     0 | D:1      | Reached XP level 1. HP: 18/18 MP: 2/2
    87 | D:1      | Reached skill level 1 in Armour
   358 | D:1      | Gained mutation: You have a pair of small horns on your
                  | head. [demonic ancestry]
   358 | D:1      | Reached XP level 2. HP: 23/24 MP: 3/3
   786 | D:2      | Reached skill level 2 in Armour
   797 | D:2      | HP: 11/24 [gnoll/+0 club (3)]
   801 | D:2      | HP: 4/24 [gnoll/+0 club (8)]
   805 | D:2      | HP: 1/24 [gnoll/+0 spear (3)]
   808 | D:2      | Slain by a gnoll

Illustrated notes

Levels and vault maps discovered:
D:1:      minmay_arrival_cross, layout_basic, serial_bayou_pond_e, minivault_26
D:2:      layout_loops_ring, chequers_serial_rivers_room_b, grunt_ministairs_8,
          uniq_natasha

Skill      XL: |  1  2 |
---------------+-------+-----
Armour         | 1 2 |  2.0
Fighting       | |  3.0
Long Blades    | |  2.6
Spellcasting   | |  1.0
Fire Magic     | |  2.6

Action                   || total
-------------------------++-------
Melee: Falchion          ||    60
       Headbutt          ||     2
Armor: Ring mail         ||    23
Dodge: Dodged            ||    29

Table legend: (Time is in decaauts)
 A = Elapsed time spent in this place.
 B = Non-inter-level travel time spent in this place.
 C = Inter-level travel time spent in this place.
 D = Time resting spent in this place.
 E = Time spent auto-exploring this place.
 F = Levels seen in this place.
 G = Mean time per level.
                   A        B        C        D        E       F      G
               +--------+--------+--------+--------+--------+-----+--------+
         Total |    818 |    802 |     16 |      0 |    656 |   2 |  409.0 |
       Dungeon |    818 |    802 |     16 |      0 |    656 |   2 |  409.0 |
               +--------+--------+--------+--------+--------+-----+--------+

Top non-repeatable levels by time:
     D:1: 759 daAuts
     D:2: 58 daAuts
